AoeStats
← Cruzcerro3

Arena

507531713Analyzed
3v3 RM · 13d ago on Sep 18, 2026· 48m 0s· 6 players
Game mode
Random Map
Map size
Normal (6 player)
Population
200
Speed
Normal
Resources
Standard
Victory
Conquest
Starting age
Dark Age
Ending age
Imperial Age
RankedLock teamsTeams togetherTeam positionsShared explorationLock speedFull tech treeHidden civsTurbo modeCheats
Victory
Defeat
🇹🇷 Japanese · Türkiye
853
+11
🇺🇸 Japanese · United States
750
+15
🇧🇷 Spanish · Brazil
717
+17
🇪🇸 Huns · Spain
787
-16
🇪🇸 Byzantines · Spain
724
-14
🇪🇸 Cumans · Spain
711
-13
Cypress Fever
0:28 Loom
12:57 Feudal Age
14:09 Horse Collar
14:16 Double-Bit Axe
15:49 Wheelbarrow
19:32 Gold Mining
19:32 Stone Mining
24:06 Castle Age
33:18 Scale Mail Armor
36:56 Forging
37:06 Chain Mail Armor
39:09 Iron Casting
38:51 Squires
38:36 Gambesons
38:37 Arson
39:01 Pikeman
43:19 Imperial Age
43:47 Halberdier
45:54 Elite Samurai
PatriotTURK
1:31 Loom
10:05 Feudal Age
10:33 Double-Bit Axe
10:31 Horse Collar
18:45 Castle Age
17:54 Gold Mining
17:57 Stone Mining
20:45 Wheelbarrow
20:45 Bow Saw
21:23 Heavy Plow
24:06 Arson
24:22 Squires
24:01 Pikeman
26:14 Scale Mail Armor
26:25 Forging
26:38 Hand Cart
29:05 Gold Shaft Mining
29:18 Chain Mail Armor
29:39 Iron Casting
31:39 Imperial Age
30:58 Chain Mail Armor
31:19 Iron Casting
30:46 Town Watch
31:49 Elite Samurai
32:51 Conscription
35:13 Plate Mail Armor
35:44 Blast Furnace
36:04 Town Patrol
37:32 Ballistics
38:12 Chemistry
36:54 Treadmill Crane
37:45 Caravan
44:20 Kataparuto
45:46 Two-Man Saw
gabibozolan
0:33 Loom
13:40 Feudal Age
14:10 Town Watch
14:24 Double-Bit Axe
14:21 Horse Collar
24:48 Castle Age
23:30 Stone Mining
23:38 Gold Mining
26:44 Wheelbarrow
27:03 Bow Saw
26:55 Heavy Plow
27:02 Caravan
28:39 Hand Cart
34:24 Imperial Age
32:16 Murder Holes
33:11 Ballistics
32:41 Guard Tower
34:54 Coinage
35:36 Conscription
36:19 Chemistry
37:34 Bombard Tower
37:27 Arrowslits
39:11 Banking
38:51 Guilds
42:03 Forging
41:44 Fletching
41:55 Padded Archer Armor
41:55 Scale Mail Armor
42:01 Scale Barding Armor
41:59 Pikeman
42:39 Squires
42:26 Gambesons
42:26 Arson
43:21 Halberdier
47:01 Supremacy
47:17 Hoardings
47:29 Chain Barding Armor
47:24 Chain Mail Armor
47:45 Iron Casting
47:41 Cavalier
48:22 Husbandry
48:32 Bloodlines
ngarofano
6:36 Loom
16:07 Feudal Age
17:49 Wheelbarrow
18:02 Horse Collar
21:55 Double-Bit Axe
23:01 Padded Archer Armor
22:51 Fletching
22:56 Stone Mining
23:44 Arson
29:02 Castle Age
26:54 Gold Mining
28:54 Scale Barding Armor
28:52 Scale Mail Armor
29:03 Forging
30:15 Leather Archer Armor
31:22 Bodkin Arrow
32:25 Heated Shot
32:56 Ballistics
35:52 Chain Mail Armor
36:13 Iron Casting
35:42 Squires
35:08 Pikeman
36:09 Hand Cart
36:15 Hand Cart
37:03 Masonry
36:49 Murder Holes
Cruzcerro3
10:12 Loom
11:58 Feudal Age
17:36 Castle Age
16:22 Double-Bit Axe
16:23 Horse Collar
24:22 Marauders
28:14 Caravan
28:59 Heavy Plow
30:15 Ballistics
29:51 Murder Holes
30:42 Gold Mining
31:40 Bloodlines
31:31 Husbandry
31:35 Stone Mining
32:14 Bow Saw
34:06 Gold Shaft Mining
36:40 Imperial Age
36:07 Gold Shaft Mining
35:23 Town Watch
36:27 Forging
36:22 Scale Barding Armor
36:55 Cavalier
37:56 Squires
39:05 Conscription
39:24 Paladin
41:53 Iron Casting
41:39 Chain Barding Armor
42:36 Thumb Ring
43:48 Blast Furnace
43:50 Heavy Cavalry Archer
45:13 Plate Barding Armor
44:29 Fletching
46:08 Parthian Tactics
46:11 Padded Archer Armor
jfmoreno23
0:52 Loom
12:54 Feudal Age
22:39 Castle Age
22:33 Scale Mail Armor
22:39 Scale Barding Armor
24:55 Husbandry
27:37 Chain Barding Armor
27:38 Chain Mail Armor
28:02 Treadmill Crane
28:18 Murder Holes
34:13 Imperial Age
33:09 Wheelbarrow
35:07 Heavy Camel Rider
36:54 Conscription
41:45 Caravan
42:24 Plate Barding Armor
42:20 Plate Mail Armor
41:41 Fletching
42:01 Forging
44:27 Ballistics
45:08 Chemistry
44:48 Gold Mining
45:26 Bodkin Arrow
46:41 Hand Cart
46:20 Cavalier
Connection lost

Rejoining the realm…

Still unreachable

The connection could not be restored.

Session expired

The server has moved on; the page needs a fresh start.